 Dungeon Crawl Stone Soup version 0.31-a0-1202-ga8fea8b373 (webtiles) character file.

Game seed: 2790736442560665487

483 Dirtsage the Changeling (level 7, -1/46 HPs)
             Began as an Octopode Shapeshifter on Dec 12, 2023.
             Killed from afar by a kobold (7 damage)
             ... with a puff of flame
             ... on level 5 of the Dungeon.
             The game lasted 00:09:21 (4361 turns).

Dirtsage the Changeling (Octopode Shapeshifter)     Turns: 4361, Time: 00:09:22

Health: -1/46      AC: -3    Str: 13    XL:     7   Next: 12%
Magic:  7/7        EV: 15    Int: 12    God:
Gold:   176        SH:  0    Dex: 20    Spells: 6/6 levels left

rFire   . .          .
                       - Unarmed
rCold   . . .        (no shield)
rNeg    . . .        (helmet currently unavailable)
rPois   .            (no amulet)
rElec   .            j - +6 ring of dexterity
rCorr   .            (no ring)
SInv    .            (no ring)
Will    .....        (no ring)
Stlth   +++          (no ring)
HPRegen 0.27/turn    (no ring)
MPRegen 0.10/turn    (no ring)
                     (no ring)

%: no passive effects
@: mighty, beast-form, corroded
A: beast (slay +2), almost no armour, amphibious, 8 rings, camouflage 1,
gelatinous body 1, (nimble swimmer 1), tentacles
a: Begin Untransformation


You were on level 5 of the Dungeon.
You were a hulking beast.
You visited 1 branch of the dungeon, and saw 5 of its levels.

You collected 176 gold pieces.

Inventory:

Jewellery
 j - a +6 ring of dexterity (left tentacle)
Talismans
 b - a beast talisman
 c - a flux talisman
 m - a maw talisman
Scrolls
 g - 4 scrolls of fear
 h - a scroll of enchant weapon
 k - a scroll of poison {unknown}
 l - a scroll of fog
 p - a scroll of blinking {unknown}
 t - 2 scrolls of teleportation
Potions
 a - a potion of lignification
 d - 2 potions of might
 e - a potion of degeneration {unknown}
 f - a potion of heal wounds {unknown}
 i - a potion of curing {unknown}
 n - a potion of enlightenment {unknown}
 o - a potion of brilliance {unknown}


   Skills:
 + Level 3.1 Fighting
 + Level 3.7 Dodging
 + Level 4.3 Unarmed Combat
 * Level 5.1 Shapeshifting


You had 6 spell levels left.
You didn't know any spells.
Your spell library contained the following spells:

 Spells                   Type           Power      Damage    Failure   Level
 Foxfire                  Conj/Fire      0%         2x1d4     32%         1
 Dazzling Flash           Conj/Hex       0%         N/A       69%         3
 Agony                    Necr           0%         N/A       100%        5
 Silence                  Hex/Air        0%         N/A       100%        5
 Plasma Beam              Fire/Air       0%         2x1d10    100%        6
 Starburst                Conj/Fire      0%         6d3       100%        6


Dungeon Overview and Level Annotations

Branches:
Dungeon (5/15)
 Temple: D:4-7

Altars:
Ashenzari
Elyvilon
Fedhas
Vehumet

Annotations:
D:5 Blork the orc


Innate Abilities, Weirdness & Mutations

You are a hulking beast.
Your limbs bulge with bestial killing power. (Slay +2)
You cannot wear most types of armour.
You are amphibious.
You can wear up to eight rings at the same time.
Your skin changes colour to match your surroundings (Stealth+).
Your rubbery body absorbs attacks. (AC +1, EV +1)
((You are camouflaged when in or above water. (Stealth+)))
You have tentacles for arms and can constrict up to eight enemies at once.


Message History

Health restored: 46 You see here a +0 quarterstaff.
There is a stone staircase leading down here.
You climb downwards.
Level annotation: Blork the orc
Found a radiant altar of Vehumet.
There is a stone staircase leading up here.
Okay, then.
The kobold shouts!
You tentacle-slap the jelly.
Your tentacles burn!
The jelly is moderately wounded.
The jelly hits you.
You are splashed with acid.
You take 12 damage, and have 34/46 hp.
MASSIVE DAMAGE!!
You tentacle-slap the jelly but do no damage.
Your tentacles burn!
The jelly is moderately wounded.
You take 2 damage, and have 32/46 hp.
You tentacle-slap the jelly.
Your tentacles burn!
The jelly is heavily wounded.
The jelly misses you.
You take 3 damage, and have 29/46 hp.
You tentacle-slap the jelly.
Your tentacles burn!
The jelly is severely wounded.
The jelly closely misses you.
The kobold zaps a wand.
The puff of flame misses you.
You take 2 damage, and have 27/46 hp.
You tentacle-slap the jelly.
Your tentacles burn!
The jelly is almost dead.
The jelly hits you. The acid corrodes you!
You are splashed with acid!
* * * LOW HITPOINT WARNING * * *
The kobold zaps a wand.
The puff of flame hits you!
* * * LOW HITPOINT WARNING * * *
You take 22 damage, and have 5/46 hp.
MASSIVE DAMAGE!!
You tentacle-slap the jelly.
You kill the jelly!
It was a potion of might.
You feel very mighty all of a sudden.
d - 2 potions of might;
k - a scroll labelled ZAMODDAXIGG The kobold zaps a wand.
The puff of flame hits you!
You die...

#.. .. .. . ##.
.. ##.###....
...###.........
......Kh#
.......##
....... .......
#...... .......
_.#.... ..
....... ##. .
....# #..####


You could see a kobold.

Vanquished Creatures
  2 howler monkeys
  A jelly (D:5)
  An orc priest (D:3)
  A hound (D:4)
  13 gnolls
  9 adders
  2 dart slugs
  13 orcs
  5 bats
  6 endoplasms
  3 giant cockroaches
  9 goblins
  10 hobgoblins
  4 jackals (D:4)
  3 quokkas
  7 ball pythons
  5 frilled lizards
  6 kobolds
  6 rats
106 creatures vanquished.

Notes
Turn   | Place    | Note
-------+----------+-------------------------------------------
     0 | D:1      | Dirtsage the Octopode Shapeshifter began the quest for the
                  | Orb.
     0 | D:1      | Reached XP level 1. HP: 13/13 MP: 1/1
   193 | D:1      | Reached XP level 2. HP: 18/18 MP: 2/2
   374 | D:1      | Saving game... please wait.
   877 | D:2      | Reached XP level 3. HP: 9/23 MP: 3/3
  1180 | D:2      | Reached XP level 4. HP: 18/29 MP: 4/4
  1344 | D:2      | Found a faded altar of an unknown god.
  1627 | D:2      | Found a broken altar of Ashenzari.
  2171 | D:3      | Reached skill level 4 in Shapeshifting
  2171 | D:3      | Reached XP level 5. HP: 23/34 MP: 5/5
  2666 | D:3      | Found a white marble altar of Elyvilon.
  2791 | D:3      | Found a blossoming altar of Fedhas.
  3230 | D:4      | Reached XP level 6. HP: 41/41 MP: 6/6
  4177 | D:5      | Entered Level 5 of the Dungeon
  4204 | D:5      | Reached skill level 5 in Shapeshifting
  4206 | D:5      | Reached XP level 7. HP: 25/46 MP: 7/7
  4208 | D:5      | Noticed Blork the orc
  4350 | D:5      | Found a radiant altar of Vehumet.
  4361 | D:5      | Killed from afar by a kobold

Illustrated notes

Levels and vault maps discovered:
D:1:      roderic_chinese_lattice_arrival, layout_basic
D:2:      layout_basic, basic_altar, shapermc_ecumenical_altar_totnotflames,
          guppyfry_early_orc_mine
D:3:      layout_basic, mainiacjoe_overflow_paths, mainiacjoe_overflow_alcove_2,
          minmay_randomly_rotated_circles
D:4:      layout_basic
D:5:      layout_cave_pools, mainiacjoe_overflow_tiny_flanked,
          vehumet_altar_wand_db, uniq_blork_the_orc, uniq_pikel

Skill      XL: |  1  2  3  4  5  6 |
---------------+-------------------+-----
Fighting       | 2 3 |  3.1
Shapeshifting  | 4 5 |  5.1
Dodging        | 3 |  3.7
Unarmed Combat | 4 |  4.3

Action                     |  1- 3 |  4- 6 |  7- 9 || total
---------------------------+-------+-------+-------++-------
  Melee: Unarmed           |    63 |   145 |     9 ||   217
         Constrict         |    15 |    41 |     1 ||    57
         Tentacles         |    12 |    29 |       ||    41
         Punch             |       |     3 |       ||     3
    Use: Scroll            |       |     5 |       ||     5
         Potion            |       |       |     1 ||     1
   Stab: Sleeping          |     6 |    10 |       ||    16
 Armour: Skin              |    17 |    50 |     6 ||    73
  Dodge: Dodged            |    33 |    92 |     3 ||   128

Table legend: (Time is in decaauts)
 A = Elapsed time spent in this place.
 B = Non-inter-level travel time spent in this place.
 C = Inter-level travel time spent in this place.
 D = Time resting spent in this place.
 E = Time spent auto-exploring this place.
 F = Levels seen in this place.
 G = Mean time per level.
                   A        B        C        D        E       F      G
               +--------+--------+--------+--------+--------+-----+--------+
         Total |   4345 |   4049 |    296 |    448 |   2884 |   5 |  869.0 |
       Dungeon |   4345 |   4049 |    296 |    448 |   2884 |   5 |  869.0 |
               +--------+--------+--------+--------+--------+-----+--------+

Top non-repeatable levels by time:
     D:3: 1242 daAuts
     D:4: 1134 daAuts
     D:2: 1096 daAuts
     D:1: 829 daAuts
     D:5: 42 daAuts
